AoeStats
← juanse071213

Arena

510012379Analyzed
3v3 RM · 2d ago on Sep 29, 2026· 40m 42s· 6 players
Game mode
Random Map
Map size
Normal (6 player)
Population
200
Speed
Normal
Resources
Standard
Victory
Conquest
Starting age
Dark Age
Ending age
Imperial Age
RankedLock teamsTeams togetherTeam positionsShared explorationLock speedFull tech treeHidden civsTurbo modeCheats
Victory
Defeat
🇨🇴 Spanish · Colombia
938
+13
🇨🇴 Persians · Colombia
887
+15
🇨🇴 Hindustanis · Colombia
881
+15
🇦🇷 Portuguese · Argentina
888
-15
🇨🇱 Byzantines · Chile
880
-15
🇨🇱 Chinese · Chile
828
-13
matiasalexis05
12:50 Feudal Age
17:40 Castle Age
22:10 Double-Bit Axe
22:06 Horse Collar
24:17 Gold Mining
24:52 Stone Mining
27:06 Forging
27:01 Scale Barding Armor
26:53 Loom
28:20 Bow Saw
28:18 Treadmill Crane
31:13 Imperial Age
29:19 Wheelbarrow
28:53 Pikeman
30:25 Hand Cart
31:49 Capped Ram
32:33 Squires
31:55 Light Cavalry
32:35 Husbandry
32:42 Thumb Ring
33:39 Stone Shaft Mining
33:00 Siege Ram
33:18 Elite Skirmisher
35:25 Two-Man Saw
34:27 Heavy Plow
36:07 Fletching
36:17 Padded Archer Armor
37:11 Ballistics
37:37 Halberdier
38:02 Arson
39:35 Scale Mail Armor
40:10 Iron Casting
39:30 Bodkin Arrow
39:50 Leather Archer Armor
Leoking
0:44 Loom
12:14 Feudal Age
18:00 Castle Age
16:06 Horse Collar
17:06 Gold Mining
22:32 Heavy Plow
24:30 Double-Bit Axe
25:54 Padded Archer Armor
25:33 Crossbowman
26:52 Bow Saw
27:34 Leather Archer Armor
27:11 Fletching
27:50 Thumb Ring
28:22 Scale Mail Armor
28:47 Elite Skirmisher
30:08 Bodkin Arrow
30:25 Forging
30:31 Chain Mail Armor
31:05 Wheelbarrow
37:03 Imperial Age
35:00 Stone Mining
35:46 Gold Shaft Mining
36:24 Iron Casting
37:18 Arbalester
38:22 Ballistics
39:03 Chemistry
38:40 Ring Archer Armor
38:11 Bracer
38:12 Heavy Scorpion
39:36 Stone Shaft Mining
Farfan
11:09 Feudal Age
14:50 Castle Age
12:51 Horse Collar
13:14 Double-Bit Axe
16:39 Bow Saw
19:36 Town Watch
21:07 Wheelbarrow
23:15 Loom
23:46 Hand Cart
27:27 Fletching
31:15 Imperial Age
29:59 Gold Mining
30:00 Stone Mining
33:37 Chemistry
33:27 Block Printing
darherlo
10:28 Feudal Age
9:34 Loom
16:39 Castle Age
14:56 Stone Mining
14:58 Double-Bit Axe
15:46 Fletching
15:58 Padded Archer Armor
19:37 Crossbowman
23:10 Kamandaran
29:44 Thumb Ring
29:38 Bodkin Arrow
29:58 Leather Archer Armor
30:48 Murder Holes
31:15 Ballistics
36:59 Imperial Age
35:08 Wheelbarrow
34:18 Town Watch
35:24 Masonry
39:39 Chemistry
39:12 Architecture
juanse071213
0:40 Loom
2:08 Loom
11:09 Feudal Age
16:11 Castle Age
14:43 Double-Bit Axe
16:41 Forging
21:04 Wheelbarrow
20:56 Husbandry
21:14 Horse Collar
23:40 Scale Barding Armor
31:06 Imperial Age
30:28 Chain Barding Armor
30:05 Gold Mining
31:10 Hand Cart
32:58 Conscription
35:17 Heavy Camel Rider
35:37 Light Cavalry
37:00 Bloodlines
38:24 Hussar
41:36 Plate Barding Armor
41:37 Iron Casting
sebastian susa
10:16 Feudal Age
10:57 Horse Collar
16:00 Castle Age
15:16 Double-Bit Axe
16:06 Stone Mining
16:23 Gold Mining
16:31 Town Watch
21:23 Wheelbarrow
22:57 Bow Saw
28:10 Stone Shaft Mining
27:55 Hand Cart
27:46 Padded Archer Armor
27:36 Fletching
28:06 Heavy Plow
32:43 Imperial Age
32:31 Leather Archer Armor
32:11 Bodkin Arrow
31:43 Pikeman
32:23 Squires
32:09 Arson
33:57 Conscription
35:00 Two-Man Saw
34:28 Town Patrol
35:57 Husbandry
36:00 Cavalier
40:00 Paladin
Connection lost

Rejoining the realm…

Still unreachable

The connection could not be restored.

Session expired

The server has moved on; the page needs a fresh start.